 Dungeon Crawl Stone Soup version 0.16.1-30-g34a7ffa (webtiles) character file.

661 Jb9000 the Shield-Bearer (level 7, 0/56 (60) HPs)
             Began as a Pale Draconian Fighter on June 18, 2015.
             Was an Initiate of Okawaru.
             Succumbed to a killer bee's poison
             ... on level 5 of the Dungeon.
             The game lasted 00:34:54 (3752 turns).

Jb9000 the Shield-Bearer (Pale Draconian Fighter)   Turns: 3752, Time: 00:34:54

HP:   0/56 (60)     AC:  8    Str: 23    XL:     7   Next: 30%
MP:   7/7           EV: 11    Int:  9    God:    Okawaru [......]
Gold: 149           SH: 10    Dex: 11    Spells: 0 memorised, 6 levels left

rFire  . . .     SeeInvis +     q - +6 mace of Eraeg {drain, Str+4 SInv}
rCold  . . .     Clarity  .     (armour unavailable)
rNeg   . . .     SustAb   .     c - +0 shield
rPois  .         Gourm    .     (helmet restricted)
rElec  .         Spirit   .     (no cloak)
rCorr  .         Warding  .     b - +0 pair of gloves
rMut   .         Stasis   .     d - +0 pair of boots
MR     .....                    i - amulet of regeneration
Stlth  +.........               (no ring)
                                (no ring)

@: lethally poisoned (0 -> -27), non-regenerating, mildly diseased, not
resistant to hostile enchantments, very unstealthy
A: breathe steam, unfitting armour, spit poison 1, cold-blooded, AC +6
a: Spit Poison, Breathe Steam, Renounce Religion


You were on level 5 of the Dungeon.
You worshipped Okawaru.
Okawaru was noncommittal.
You were not hungry.

You visited 2 branches of the dungeon, and saw 7 of its levels.

You collected 149 gold pieces.

Inventory:

Hand weapons
 a - a +0 long sword
 g - a +0 blowgun
 h - a +0 hunting sling
 n - a +0 short sword of venom
 q - the +6 mace of Eraeg (weapon) {drain, Str+4 SInv}
   (You found it on level 4 of the Dungeon)

   A truly terrible weapon, it drains the life of those it strikes.
   It affects your strength (+4).
   It enhances your eyesight.
Missiles
 j - 36 stones (quivered)
 l - 26 poisoned needles
 m - 13 sling bullets
Armour
 b - a +0 pair of gloves (worn)
 c - a +0 shield (worn)
 d - a +0 pair of boots (worn)
Jewellery
 i - an amulet of regeneration (around neck)
Magical devices
 e - a wand of lightning (1)
 k - a wand of digging (15)
Scrolls
 r - a scroll of identify
Comestibles
 f - 6 bread rations
 o - 2 meat rations
 p - 7 chunks of flesh


   Skills:
 + Level 4.5 Fighting
 + Level 3.5 Long Blades
 + Level 0.6 Maces & Flails
 + Level 2.8(2.9) Slings
 + Level 0.5(1.8) Throwing
 + Level 4.6 Dodging
 + Level 0.6 Stealth
 + Level 4.7 Shields


You had 6 spell levels left.
You didn't know any spells.

Dungeon Overview and Level Annotations

Branches:
Dungeon (6/15)             Temple (1/1) D:4

Altars:
Ashenzari
Cheibriados
Dithmenos
Fedhas
Gozag
Kikubaaqudgha
Makhleb
Nemelex Xobeh
Okawaru
Qazlal
Sif Muna
Trog
Vehumet
Yredelemnul
Zin
The Shining One

Annotations:
D:4 Scuka's ghost, average GrFi


Innate Abilities, Weirdness & Mutations

You can breathe blasts of scalding steam.
Your pale cyan-grey scales are hard (AC +6).
Your body does not fit into most forms of armour.
Your cold-blooded metabolism reacts poorly to cold.
You can spit poison.


Message History

The killer bee stings you but does no damage. x2
You climb upwards.
* * * LOW HITPOINT WARNING * * *
You feel sick.
The killer bee stings you but does no damage.
You block the killer bee's attack. The killer bee stings you.
* * * LOW HITPOINT WARNING * * *
You are more poisoned.
The killer bee poisons you!
There is a stone staircase leading down here.
Use which ability? (? or * to list)
You can't do that yet.
Use which ability? (? or * to list)
You can't do that yet.
Use which ability? (? or * to list)
You can't do that yet.
You miss the killer bee.
The killer bee is heavily wounded.
You have got your breath back.
You die...

##.........#.##.# #..
#........##.##.# ....
#...._...##.##.. ....
#.##...####.###.
##..###.#..### ..# #.
#.........#. ### #.
###.........#.# #.
#......y......# #.
.##.##@y..############.
#. #y.....#...##..(..
#......#...##.#..#
#...........(....)
##...........#.....
#...#...............
..#.........##.(...
.####...#........#..#
...............####).#


You could see 3 killer bees.

Vanquished Creatures
  Grinder (D:3)
  A necrophage (D:5)
  3 killer bees
  A hound (D:4)
  Ijyb (D:2)
  4 gnolls (D:3)
  6 adders
  A giant mite (D:5)
  An adder zombie (D:5)
  A giant gecko (D:3)
  An ooze (D:1)
  An orc (D:5)
  8 bats
  2 giant cockroaches
  13 hobgoblins
  6 jackals
  14 kobolds
  3 quokkas
  4 giant newts
  14 goblins
  A quokka skeleton (D:4)
  9 rats
96 creatures vanquished.

Notes
Turn   | Place    | Note
--------------------------------------------------------------
     0 | D:1      | Jb9000, the Draconian Fighter, began the quest for the Orb.
     0 | D:1      | Reached XP level 1. HP: 19/19 MP: 1/1
   182 | D:1      | Reached XP level 2. HP: 26/26 MP: 2/2
   885 | D:2      | Reached XP level 3. HP: 33/33 MP: 3/3
  1058 | D:2      | Noticed Ijyb
  1072 | D:2      | Killed Ijyb
  1291 | D:2      | Reached XP level 4. HP: 40/40 MP: 4/4
  1966 | D:3      | Reached skill level 4 in Shields
  2100 | D:3      | Reached skill level 1 in Slings
  2119 | D:3      | Reached XP level 5. HP: 33/46 MP: 5/5
  2278 | D:3      | Noticed Grinder
  2281 | D:3      | Paralysed by Grinder for 3 turns
  2304 | D:3      | Paralysed by Grinder for 2 turns
  2304 | D:3      | HP: 2/46 [Grinder/nerve-wracking pain (12)]
  2310 | D:3      | Paralysed by Grinder for 3 turns
  2313 | D:3      | Gained mutation: You tend to lose your temper in combat. [potion of mutation]
  2313 | D:3      | Gained mutation: You can spit poison. [potion of mutation]
  2313 | D:3      | Lost mutation: You tend to lose your temper in combat. [potion of mutation]
  2320 | D:3      | Killed Grinder
  2320 | D:3      | Reached XP level 6. HP: 7/52 MP: 6/6
  3052 | D:4      | Got a jewelled mace
  3054 | D:4      | Identified the +6 mace of Eraeg {drain, Str+4 SInv} (You found it on level 4 of the Dungeon)
  3187 | D:4      | Found a staircase to the Ecumenical Temple.
  3204 | Temple   | Entered the Ecumenical Temple
  3421 | Temple   | Became a worshipper of Warmaster Okawaru
  3526 | D:4      | Noticed Scuka's ghost (average GrFi)
  3601 | D:5      | Entered Level 5 of the Dungeon
  3684 | D:5      | Found a shattered altar of Ashenzari.
  3684 | D:5      | Found a stormy altar of Qazlal.
  3696 | D:5      | Found a glowing golden altar of the Shining One.
  3699 | D:5      | Found a blossoming altar of Fedhas.
  3725 | D:5      | Your scales start fading to a pale cyan-grey colour.
  3725 | D:5      | Reached XP level 7. HP: 54/60 MP: 7/7
  3752 | D:5      | Succumbed to a killer bee's poison

Action                   |  1- 3 |  4- 6 |  7- 9 || total
-------------------------+-------+-------+-------++-------
Melee: Long sword        |   104 |   133 |       ||   237
       Dagger            |    42 |       |       ||    42
       Mace              |       |    30 |     4 ||    34
 Fire: Hunting sling     |    10 |    51 |       ||    61
       Blowgun           |       |     5 |       ||     5
 Abil: Breathe Steam     |       |       |     1 ||     1
Evoke: Wand              |     1 |     1 |     1 ||     3
  Use: Scroll            |     3 |     6 |       ||     9
       Potion            |       |     8 |     1 ||     9
 Stab: Sleeping          |       |     1 |       ||     1
  Eat: Chunk             |     2 |     7 |       ||     9
       Meat ration       |       |     1 |       ||     1
